 Dungeon Crawl Stone Soup version 0.31.0-2-g5a2aebc5c2 (webtiles) character file.

Game seed: 14859935398486545899

1610722 bakla the Victor of a Thousand Battles (level 26, 160/224 HPs)
             Began as a Demonspawn Alchemist on Jan 20, 2024.
             Was the Champion of Okawaru.
             Escaped with the Orb
             ... and 3 runes on Jan 21, 2024!
             The game lasted 03:33:09 (74150 turns).

bakla the Victor of a Thousand Battles (DsAl)      Turns: 74150, Time: 03:33:09

Health: 160/224    AC: 40    Str:  7    XL:     26   Next: 24%
Magic:  5/38       EV: 34    Int: 18    God:    Okawaru [******]
Gold:   5694       SH: 45    Dex: 29    Spells: 27/33 levels left

rFire   + . .        o - +9 double sword (vamp)
rCold   + + .        G - +7 tower shield "Govearim" {rC++ rN+}
rNeg    + + .        P - +8 faerie dragon scales {+Inv rElec rCorr Dex+6}
rPois   +            (helmet unavailable)
rElec   +            B - +2 cloak {Will+}
rCorr   +            K - +3 Mad Mage's Maulers {Infuse+∞ VampMP -Cast}
SInv    +            u - +2 pair of boots of Tender Moments {^Contam rN+ rCorr}
Will    ++...        R - amulet of regeneration
Stlth   +            J - ring of protection from fire
HPRegen 1.37/turn    L - ring of poison resistance
MPRegen 0.26/turn

%: no spellcasting, random rage (3%), infuse magic (5 MP)
@: mighty, agile, studying Shields
A: antennae 3, large bone plates 3, icemail 2, powered by pain 3, black mark,
condensation shield, bedeviling, aura of silence, berserk 1, deterioration 1,
weak 1, persistent drain
0: Orb of Zot
}: 3/15 runes: decaying, abyssal, gossamer
a: Renounce Religion, Evoke Invisibility, Heroism, Finesse, Duel


You escaped.
You worshipped Okawaru.
Okawaru was exalted by your worship.
You visited 11 branches of the dungeon, and saw 50 of its levels.
You visited the Abyss 2 times.
You visited 1 bazaar.
You also visited: Sewer.

You collected 9818 gold pieces.
You spent 4124 gold pieces at shops.

Inventory:

Hand Weapons
 o - a +9 vampiric double sword (weapon)
 U - the +8 demon blade of the Desert {freeze, rF+ rN+ Str+3 SInv}
   (You took it off a hell knight on level 4 of the Depths)

   Str+3:     It affects your strength (+3).
   rF+:       It protects you from fire.
   rN+:       It protects you from negative energy.
   SInv:      It lets you see invisible.
Missiles
 s - a throwing net
 t - 28 silver javelins
 v - 24 curare-tipped darts
 T - 21 javelins
Armour
 u - the +2 pair of boots of Tender Moments (worn) {^Contam rN+ rCorr}
   (Okawaru gifted it to you on level 2 of the Lair of Beasts)

   rN+:       It protects you from negative energy.
   ^Contam:   It causes magical contamination when unequipped.
   rCorr:     It protects you from acid and corrosion.
 A - a +2 pair of gloves of strength
 B - a +2 cloak of willpower (worn)
 G - the +7 tower shield "Govearim" (worn) {rC++ rN+}
   (You found it on level 2 of the Elven Halls)

   rC++:      It greatly protects you from cold.
   rN+:       It protects you from negative energy.
 K - the +3 Mad Mage's Maulers (worn) {Infuse+∞ VampMP -Cast}
   (You found it on level 3 of the Depths)

   Infuse+∞: It empowers its wearer's blows with all of their magic.
   VampMP:    Blows struck in melee replenish the wearer's magic.
   -Cast:     It prevents spellcasting.
 P - the +8 faerie dragon scales (worn) {+Inv rElec rCorr Dex+6}
   (You took it off the Enchantress on level 1 of the Depths)

   Dex+6:     It affects your dexterity (+6).
   rElec:     It insulates you from electricity.
   +Inv:      It lets you turn invisible.
   rCorr:     It protects you from acid and corrosion.
Jewellery
 b - the amulet of Notoll {Reflect rF+ SH+5}
   (You acquired it on level 4 of the Vaults)

   [amulet of reflection]

   Reflect:   It reflects blocked missile attacks.
   rF+:       It protects you from fire.
   SH+5:      It affects your SH (+5).
 e - a ring of protection from cold
 J - a ring of protection from fire (left hand)
 L - a ring of poison resistance (right hand)
 Q - the ring of Loinni {rElec Will+ Dex+6}
   (You took it off a hell knight on level 3 of the Depths)

   [ring of dexterity]

   Dex+6:     It affects your dexterity (+6).
   rElec:     It insulates you from electricity.
   Will+:     It increases your willpower.
 R - an amulet of regeneration (around neck)
 Y - the ring "Zifuzaown" {rN+ Int+5 Slay+4 SInv}
   (You took it off a deep elf annihilator on level 3 of the Depths)

   [ring of slaying]

   Int+5:     It affects your intelligence (+5).
   Slay+4:    It affects your accuracy & damage with ranged weapons and melee
   (+4).
   rN+:       It protects you from negative energy.
   SInv:      It lets you see invisible.
Wands
 f - a wand of digging (9)
 p - a wand of acid (9)
 X - a wand of iceblast (38)
Scrolls
 a - 6 scrolls of teleportation
 d - 7 scrolls of noise
 g - 6 scrolls of immolation
 h - 6 scrolls of enchant armour
 i - 11 scrolls of vulnerability
 j - 6 scrolls of torment
 n - a scroll of fear
 w - 6 scrolls of poison
 C - 4 scrolls of silence
 M - 4 scrolls of fog
Potions
 c - 4 potions of curing
 k - 7 potions of lignification
 q - 7 potions of might
 r - 2 potions of invisibility
 x - 5 potions of magic
 y - a potion of heal wounds
 z - 6 potions of brilliance
 D - 6 potions of cancellation
 F - 9 potions of enlightenment
 H - 3 potions of mutation
 I - 6 potions of resistance
 O - 3 potions of haste
 S - 8 potions of attraction
 V - 3 potions of berserk rage
 W - 4 potions of ambrosia
Miscellaneous
 m - a lightning rod (4/4)
 E - a phial of floods


   Skills:
 - Level 22.0 Fighting
 - Level 3.3(10.9) Short Blades
 - Level 15.8(16.0) Long Blades
 - Level 5.0 Throwing
 + Level 19.9 Armour
 + Level 19.9 Dodging
 - Level 1.7 Stealth
 - Level 22.0 Shields
 - Level 4.0 Spellcasting
 - Level 3.0 Conjurations
 - Level 5.0 Alchemy
 - Level 23.0 Invocations
 - Level 3.0 Evocations


You had 27 spell levels left.
You knew the following spells:

 Your Spells              Type           Power      Damage    Failure   Level
a - Sting                 Conj/Alch      72%        1d7       10%         1
b - Mephitic Cloud        Conj/Alch/Air  13%        N/A       45%         3
c - Blink                 Tloc           6%         N/A       58%         2

Your spell library contained the following spells:

 Spells                   Type           Power      Damage    Failure   Level
 Foxfire                  Conj/Fire      36%        2x1d5     26%         1
 Kiss of Death            Conj/Necr      36%        2d8       26%         1
 Shock                    Conj/Air       36%        1d5       26%         1
 Mercury Vapours          Alch/Air       24%        N/A       26%         2
 Cigotuvi's Dreadful Rot  Necr/Alch/Air  18%        N/A       36%         2
 Momentum Strike          Conj/Tloc      18%        3d8       38%         2
 Static Discharge         Conj/Air       18%        3-4/arc   38%         2
 Necrotise                Necr           12%        1d4       45%         1
 Sandblast                Erth           6%         2d5       45%         1
 Olgreb's Toxic Radiance  Alch           21%        N/A       54%         4
 Jinxbite                 Hex            10%        N/A       58%         2
 Lesser Beckoning         Tloc           6%         N/A       58%         2
 Scorch                   Fire           6%         2d5       58%         2
 Sublimation of Blood     Necr           3%         N/A       58%         2
 Dazzling Flash           Conj/Hex       26%        N/A       63%         3
 Hailstorm                Conj/Ice       9%         3d6       63%         3
 Stone Arrow              Conj/Erth      18%        3d8       63%         3
 Confusing Touch          Hex            5%         N/A       83%         3
 Frozen Ramparts          Ice            6%         1d1       83%         3
 Fugue of the Fallen      Necr           3%         N/A       83%         3
 Gell's Gravitas          Tloc           3%         N/A       83%         3
 Inner Flame              Hex/Fire       5%         N/A       83%         3
 Ozocubu's Armour         Ice            3%         N/A       83%         3
 Passwall                 Erth           3%         N/A       83%         3
 Swiftness                Air            3%         N/A       83%         3
 Teleport Other           Tloc           3%         N/A       83%         3
 Vampiric Draining        Necr           3%         2d6       83%         3
 Volatile Blastmotes      Fire/Tloc      6%         2d10      83%         3
 Leda's Liquefaction      Alch/Erth      6%         N/A       87%         4
 Petrify                  Alch/Erth      12%        N/A       87%         4
 Sticky Flame             Fire/Alch      12%        2d5       87%         4
 Brom's Barrelling Bould  Conj/Erth      9%         2d3       95%         4
 Flame Wave               Conj/Fire      9%         2d6       95%         4
 Iskenderun's Mystic Bla  Conj/Tloc      9%         2d4       95%         4
 Irradiate                Conj/Alch      9%         3d14      95%         5
 Airstrike                Air            1%         2d(1-17)  99%         4
 Anguish                  Hex/Necr       2%         N/A       99%         4
 Cause Fear               Hex            2%         N/A       99%         4
 Dimensional Bullseye     Hex/Tloc       2%         N/A       99%         4
 Dispel Undead            Necr           3%         3d7       99%         4
 Manifold Assault         Tloc           3%         N/A       99%         4
 Passage of Golubria      Tloc           3%         N/A       99%         4
 Iskenderun's Battlesphe  Conj           14%        2d7       99%         5
 Yara's Violent Unravell  Hex/Alch       9%         3d6       99%         5
 Arcjolt                  Conj/Air       4%         1d14      100%        5
 Borgnjor's Vile Clutch   Necr/Erth      1%         N/A       100%        5
 Curse of Agony           Necr           3%         N/A       100%        5
 Fireball                 Conj/Fire      4%         3d4       100%        5
 Freezing Cloud           Conj/Ice/Air   3%         6-21      100%        5
 Metabolic Englaciation   Hex/Ice        2%         N/A       100%        5
 Silence                  Hex/Air        2%         N/A       100%        5
 Conjure Ball Lightning   Conj/Air       4%         3x3d6     100%        6
 Dispersal                Tloc           1%         N/A       100%        6
 Plasma Beam              Fire/Air       1%         2x1d11    100%        6
 Starburst                Conj/Fire      4%         6d4       100%        6
 Enfeeble                 Hex            2%         N/A       100%        7
 Orb of Destruction       Conj           7%         9d6       100%        7
 Discord                  Hex            2%         N/A       100%        8
 Disjunction              Tloc           1%         N/A       100%        8
 Ignition                 Fire           1%         3d3       100%        8
 Lehudib's Crystal Spear  Conj/Erth      4%         10d3      100%        8
 Call Imp                 Summ           Unusable   N/A       N/A         2
 Summon Ice Beast         Ice/Summ       Unusable   N/A       N/A         3
 Tukima's Dance           Hex            Unusable   N/A       N/A         3
 Martyr's Knell           Necr/Summ      Unusable   N/A       N/A         4
 Summon Lightning Spire   Summ/Air       Unusable   N/A       N/A         4
 Death Channel            Necr           Unusable   N/A       N/A         6
 Sculpt Simulacrum        Ice/Alch       Unusable   N/A       N/A         6
 Summon Cactus Giant      Summ           Unusable   N/A       N/A         6
 Summon Hydra             Summ           Unusable   N/A       N/A         7

Dungeon Overview and Level Annotations

Branches:
Dungeon (15/15)            Temple (1/1) D:7            Lair (5/5) D:9
  Swamp (4/4) Lair:2       Spider (4/4) Lair:2        Slime (0/5) Lair:5
    Orc (2/2) D:12            Elf (3/3) Orc:2        Vaults (4/5) D:14
  Crypt (3/3) Vaults:3       Tomb (0/3) Crypt:3      Depths (4/4) D:15
    Zot (5/5) Depths:4      Sewer (visited)

Altars:
Ashenzari
Cheibriados
Dithmenos
Fedhas
Gozag
Hepliaklqana
Kikubaaqudgha
Makhleb
Nemelex Xobeh
Okawaru
Qazlal
Ru
Sif Muna
Trog
Uskayaw
Vehumet
Wu Jian
Xom
Yredelemnul
Jiyva
Lugonu

Shops:
D:4 [   Orc:1 !   Orc:2 *[([   Elf:2 =   Vaults:1 ((*   Zot:5 *   Depths:1 *
Depths:2 *

Portals:
Hell: Depths:1 Depths:2 Depths:3 Depths:4
Abyss: Depths:2 Depths:3 Depths:4
Pandemonium: Depths:1 Depths:2
Ziggurat: Depths:4

Annotations:
D:5 exclusion: 3 yaks
D:8 exclusion: ugly thing
Lair:1 3 runed translucent doors, Vadun's ghost, journeyman DsGl
Lair:5 1 runed translucent door
Swamp:2 2 runed translucent doors, Zoigrime's ghost, adept FoFi
Spider:4 Roxanne
Elf:2 3 runed translucent doors
Vaults:1 Saint Roka; Zenata
Zot:4 exclusion: 3 upstairs
Zot:5 1 runed translucent door, exclusion: 2 upstairs, Mikey69's ghost, legendary DsBe


Innate Abilities, Weirdness & Mutations

You have a pair of large antennae on your head. (SInv)
You are completely covered in large bone plates. (SH +8)
A meltable icy envelope protects you from harm. (AC +8)
You are powered by pain.
Your melee attacks may debilitate your foes.
A meltable shield of frost defends you. (SH +4)
Your hexes are more powerful.
You are surrounded by an aura of silence.
You sometimes lose your temper in combat.
Your body sometimes deteriorates upon taking damage.
You are weak. (Str -2)
Your health recovers twice as slowly from being drained.


Message History

You block the Orb Guardian's attack.
You barely miss the Orb Guardian.
The Orb Guardian is moderately wounded.
You block the Orb Guardian's attack.
You carve the Orb Guardian like a ham!!!
The Orb Guardian is severely wounded.
You block the Orb Guardian's attack.
You cut the Orb Guardian into ribbons!!!
You kill the Orb Guardian!
Okawaru accepts your kill.
You feel your intelligence returning.
What level of the Dungeon? (default 1, ? - help)
Your extra speed is starting to run out.
You feel yourself speed up.
You feel yourself slow down.
You recover from your berserk rage.
You sense a monster nearby.
Aiming: Dig
Press: ? - help, Shift-Dir - straight line This square is shrouded in silence and is covered in magical glow.
The rock shatters into small pieces.
A Pegg and a lorocyproca come into view.
Unknown command.
The lorocyproca hits you!!
You focus on the pain.
You feel very mighty all of a sudden.
You feel your power leaking away.
You slice the lorocyproca!!
The lorocyproca looks weaker.
The lorocyproca is moderately wounded.
Blink to where?
Press: ? - help, Dir - move target
As you read the scroll of blinking, it crumbles to dust.
There is a staircase leading out of the dungeon here.
Pegg gestures at you.
You fall asleep.
You stop ascending the stairs.
Pegg hits you!!!
You wake up.
You focus on the pain.
You feel agile all of a sudden.
Unknown command.
Unknown command.
You block Pegg's attack.
You have escaped!

...##.......#########.......###..
####.....####.......####.....##..
##....###.............###....##.
#....##.....#######.....##....##
##.........###.....###....##...##
#....#######.....(...##....#....#
#...##........#####...##...##...#
#...#....######...##...#....#...#
#...#....#.....&@..#...#....#...#
#...#....#...##2..##...#....#...#
#...##.........#.##...##...######
#.........##...#.....##....#.....
##...##....###.#...###....##.....
#....##.....#######.....##......
##....###.....#.......###....###
##.....####..#....####.....##
##.......#####.###.......#####


You could see Pegg (unsilenced) and a lorocyproca (invisible, weak).

Vanquished Creatures
  Frederick (Crypt:3)
  2 dread liches
  3 orbs of fire
  Mara (Depths:1)
  Xtahua (Depths:3)
  Boris (twice) (Depths:1 Depths:3)
  Bai Suzhen (Vaults:3)
  7 Killer Klowns (Zot:5)
  3 curse toes
  5 golden dragons
  Nikola (Swamp:4)
  A profane servitor (Abyss:2)
  2 bone dragons
  the Enchantress (Depths:1)
  Arachne (Spider:3)
  A hellephant (Depths:4)
  A shard shrike zombie (Crypt:3)
  3 electric golems
  9 tentacled monstrosities
  25 Orb Guardians
  Jorgrun (D:15)
  An Ice Fiend (D:8)
  2 walking frostbound tomes (Depths:3)
  7 liches
  4 titans
  5 sphinxes
  2 deep elf master archers (Elf:3)
  3 deep elf blademasters (Elf:3)
  A shard shrike skeleton (Crypt:2)
  2 quicksilver dragons
  2 tentacled starspawn
  8 death cobs
  2 thorn hunters
  Kirke (Lair:5)
  Gastronok (D:11)
  11 ancient champions
  2 tengu reavers
  7 shadow dragons
  8 storm dragons
  6 revenants
  The ghost of Skeral the Mimic, a journeyman OnAl of Vehumet (Orc:2)
  Aizul (Spider:1)
  Agnes (Elf:1)
  Donald (Orc:2)
  3 protean progenitors
  4 draconian monks
  2 iron dragons
  11 frost giants
  An azure jelly (Swamp:4)
  A daeva (Abyss:4)
  2 balrugs
  4 draconian knights
  8 ghost moths
  10 deep elf sorcerers
  7 draconian shifters
  2 emperor scorpions
  9 fire giants
  10 vault wardens
  8 draconian scorchers
  5 curse skulls
  3 draconian stormcallers
  5 ghouls
  2 orc warlords
  An angel (Depths:4)
  5 deep elf elementalists
  14 ironbound preservers
  4 caustic shrike skeletons
  11 stone giants
  A juggernaut skeleton (Crypt:2)
  32 very ugly things
  A demonspawn blood saint (D:1)
  3 broodmothers
  4 spriggan defenders
  7 draconian annihilators
  12 ironbound thunderhulks
  6 vampire knights
  11 black draconians
  11 green draconians
  8 deep elf annihilators
  4 deep elf death magi
  5 deep elf demonologists
  10 white draconians
  7 yellow draconians
  11 red draconians
  4 bunyips
  2 eleionomae (Swamp:2)
  2 lorocyprocas
  6 purple draconians
  7 dire elephants
  3 spark wasps (Depths:3)
  6 eidola
  Snorg (D:11)
  14 ettins
  2 green deaths
  18 fire dragons
  2 crystal guardians (Zot:2)
  A blizzard demon (D:7)
  3 mummy priests
  14 jiangshi
  2 shambling mangroves (Swamp:4)
  2 pearl dragon skeletons (Crypt:2)
  5 entropy weavers
  5 yaktaur captains
  6 great orbs of eyes
  Erolcha (Orc:1)
  5 deep elf high priests (Elf:3)
  15 ice dragons
  12 hydras
  A fenstrider witch zombie (Crypt:3)
  A quicksilver dragon skeleton (Crypt:2)
  3 rakshasas
  6 spriggan air magi
  3 ghost crabs
  9 ironbound frosthearts
  A vault guard (D:14)
  3 jorogumos
  2 spriggan skeletons
  Erica (Lair:1)
  A peacekeeper (Vaults:4)
  8 alligators
  22 centaur warriors
  A spriggan zombie (Abyss:2)
  A bennu zombie (Crypt:3)
  An ogre mage (Vaults:1)
  2 fenstrider witch skeletons (Crypt:2)
  5 tengu warriors
  18 dancing weapons
  5 radroaches
  3 catoblepae
  5 death yaks (Lair:5)
  A hell hog (Abyss:4)
  8 two-headed ogres
  15 boulder beetles
  4 death knights
  6 deep troll earth magi
  10 deep troll shamans
  3 occultists
  A storm dragon zombie (Crypt:3)
  6 demonic crawlers
  7 vampire magi
  17 hell knights
  4 orc high priests
  2 spriggan berserkers (Depths:3)
  13 deep elf knights
  2 sun demons
  Amaemon (Lair:3)
  A hellephant skeleton (Crypt:2)
  8 thrashing horrors
  Nergalle (D:11)
  2 soul eaters
  5 wretched stars
  6 pharaoh ants
  A titan skeleton (Crypt:2)
  4 storm dragon skeletons
  A sixfirhy (Abyss:1)
  24 skeletal warriors
  4 skysharks
  5 goliath frogs
  7 large abominations
  2 spatial maelstroms
  2 swamp dragons (Swamp:2)
  65 deep trolls
  9 iron trolls
  6 shadow wraiths
  A shadow demon (Depths:2)
  6 spriggan druids
  9 orb spiders
  7 arcanists
  11 flayed ghosts
  7 glowing orange brains
  33 slime creatures
  6 deep elf archers
  8 phantasmal warriors
  5 steelbarb worms
  20 lindwurms
  4 bog bodies
  4 sun moths
  14 deep elf zephyrmancers
  5 necromancers
  A golden dragon skeleton (Crypt:2)
  12 ironbound convokers
  45 ugly things
  15 orc knights
  3 anaconda skeletons (Crypt:2)
  27 deep elf pyromancers
  A shadow dragon skeleton (Abyss:2)
  12 wolf spiders
  11 harpies
  2 manticores
  8 orc sorcerers
  5 will-o-the-wisps
  35 starcursed masses
  An elephant (shapeshifter) (Zot:2)
  3 worldbinders
  5 cyclopes
  14 moths of wrath
  10 black mambas
  An iron dragon skeleton (Crypt:3)
  2 meliai (shapeshifter)
  A moth of wrath (shapeshifter) (Vaults:3)
  6 kobold blastminers
  3 meliai (Spider:4)
  7 elephants
  A formless jellyfish zombie (Crypt:1)
  2 molten gargoyles (Lair:5)
  A rust devil (Depths:2)
  2 apocalypse crabs
  10 vault sentinels
  Joseph (D:7)
  A gargoyle (D:12)
  4 torpor snails (Spider:3)
  3 orange demons
  17 cane toads
  10 smoke demons
  Maggie (D:7)
  3 unseen horrors
  An elephant slug zombie (Crypt:1)
  A dire elephant skeleton (Crypt:2)
  6 kobold demonologists
  11 freezing wraiths
  2 rime drakes
  2 efreet (D:15)
  2 alligator snapping turtle skeletons (Crypt:2)
  20 komodo dragons
  A tormentor (Abyss:4)
  20 yaktaurs
  2 ice devils (Lair:5)
  6 tengu conjurers
  A great orb of eyes zombie (Crypt:1)
  A harpy zombie (Abyss:2)
  A yaktaur zombie (Vaults:3)
  3 ancient zymes
  10 guardian mummies (Crypt:3)
  A queen bee (Lair:2)
  A catoblepas skeleton (Crypt:3)
  4 polar bears
  8 trolls
  A hydra skeleton (Crypt:2)
  A polar bear (shapeshifter) (Elf:3)
  A hellwing (Abyss:4)
  A silent spectre (Abyss:5)
  2 glass eyes
  20 hornets
  7 tyrant leeches
  A glass eye (shapeshifter) (D:15)
  36 tarantellas
  A raiju (shapeshifter) (D:15)
  3 raiju
  A death drake skeleton (Crypt:1)
  31 blink frogs
  A dream sheep (Lair:2)
  A slime creature (shapeshifter) (Elf:1)
  A human simulacrum (Vaults:3)
  25 jumping spiders
  An ice dragon skeleton (Crypt:3)
  16 spriggans
  7 water elementals
  11 wyverns
  3 air elementals
  17 culicivoras
  A culicivora (shapeshifter) (Elf:1)
  2 hogs (Lair:5)
  4 ettin skeletons
  A centaur simulacrum (D:13)
  2 shadows
  2 ynoxinuls
  An ushabti (Crypt:3)
  56 yaks
  12 wraiths
  5 humans (Lair:5)
  2 basilisks (Lair:5)
  A fire elemental (Elf:1)
  2 steam dragons (Lair:5)
  A black mamba skeleton (Crypt:2)
  27 vampire mosquitoes
  49 redbacks
  3 swamp worm simulacra (Swamp:4)
  2 chaos spawn
  3 neqoxecs
  4 spatial vortices
  2 wargs
  Grum (D:8)
  A harpy simulacrum (Crypt:2)
  16 swamp worms
  15 two-headed ogre zombies (Orc:1)
  2 acid dragons
  17 hydra simulacra
  8 hell hounds
  14 water moccasins
  3 sky beasts
  A two-headed ogre skeleton (Crypt:2)
  A water nymph skeleton (Crypt:2)
  26 laughing skulls
  18 orc warriors
  15 small abominations
  9 wolves
  7 ogres
  A hog zombie (Crypt:1)
  17 centaurs
  A snapping turtle skeleton (Crypt:2)
  2 phantoms
  12 kobold brigands
  A manticore skeleton (Crypt:3)
  2 weeping skulls
  A brain worm (Abyss:4)
  12 bullfrogs
  A salamander skeleton (Crypt:1)
  A necrophage (Swamp:3)
  2 gnoll sergeants
  3 scorpions
  12 wights
  5 earth elementals
  A raiju zombie (Crypt:1)
  33 killer bees
  A yak skeleton (Crypt:3)
  3 bombardier beetles
  9 electric eels
  2 howler monkeys
  A bullfrog zombie (Crypt:3)
  2 lava snakes (Lair:5)
  2 quasits
  A centaur zombie (Crypt:2)
  2 gnoll boudas
  20 orc priests
  2 hounds
  5 jellies
  A bullfrog skeleton (Crypt:3)
  An iron imp (Abyss:2)
  Ijyb (D:3)
  2 iguanas
  Natasha (D:4)
  26 orc wizards
  13 hell rats
  A hound zombie (Crypt:1)
  2 mummies (Crypt:3)
  Robin (D:2)
  16 gnolls
  10 adders
  8 river rats
  A shadow imp (Abyss:2)
  2 white imps (D:6)
  6 ufetubi
  5 swamp drake simulacra (Swamp:4)
  4 dart slugs
  5 ribbon worms
  71 orcs
  2 bats
  5 endoplasms
  16 goblins
  5 hobgoblins
  2 quokkas
  8 ball pythons
  A dart slug zombie (Crypt:1)
  3 frilled lizards (D:1)
  A frilled lizard skeleton (Crypt:2)
  A hobgoblin skeleton (Crypt:1)
  24 kobolds
  22 rats
2388 creatures vanquished.

Vanquished Creatures (collateral kills)
  A scorpion (D:6)
  2 killer bees (D:8)
  A hound (D:6)
  An orc wizard (D:6)
  An orc (D:8)
6 creatures vanquished.

Vanquished Creatures (others)
  A red draconian (Zot:4)
  A goliath frog (Swamp:4)
  A wolf spider (Spider:1)
  2 bloated husks
  2 spriggans (Swamp:3)
  3 small abominations
  2 vampire mosquitoes (Swamp:2)
  2 swamp worms (Swamp:4)
  2 swamp drakes
  2 wights (D:6)
  A killer bee (D:8)
  An orc wizard (Orc:2)
  2 orcs (Elf:1)
  35 foxfires
  A lurking horror (Abyss:4)
  4 starspawn tentacles
62 creatures vanquished.

Grand Total: 2456 creatures vanquished

Notes
Turn   | Place    | Note
-------+----------+-------------------------------------------
     0 | D:1      | bakla the Demonspawn Alchemist began the quest for the Orb.
     0 | D:1      | Reached XP level 1. HP: 13/13 MP: 3/3
   365 | D:1      | Reached skill level 1 in Fighting
   421 | D:1      | Gained mutation: You sometimes gain a little power by
                  | taking damage. [demonic ancestry]
   421 | D:1      | Reached XP level 2. HP: 21/21 MP: 0/5
  1505 | D:2      | Found a faded altar of an unknown god.
  1571 | D:2      | Noticed Robin
  1787 | D:2      | Identified the +3 mace "Giantbane" {freeze, rElec rPois
                  | Stlth+}
  1795 | D:2      | Reached XP level 3. HP: 26/26 MP: 6/6
  1861 | D:2      | Killed Robin
  2539 | D:2      | Learned a level 3 spell: Mephitic Cloud
  2579 | D:2      | Gained mutation: A meltable shield of frost defends you.
                  | (SH +4) [demonic ancestry]
  2579 | D:2      | Reached XP level 4. HP: 33/33 MP: 4/7
  2870 | D:3      | Found a bloodstained altar of Trog.
  2905 | D:3      | Found a blossoming altar of Fedhas.
  3063 | D:3      | Identified the +3 ring mail "Aporeycoot" {rElec Will++
                  | Str+3}
  3281 | D:3      | Reached skill level 1 in Short Blades
  3902 | D:3      | Noticed Ijyb
  3993 | D:3      | Killed Ijyb
  3994 | D:3      | Gained mutation: You sometimes gain power by taking damage.
                  | [demonic ancestry]
  3994 | D:3      | Reached XP level 5. HP: 34/38 MP: 8/8
  4540 | D:4      | Noticed Natasha
  4627 | D:4      | Found Munuw's Armour Boutique.
  4634 | D:4      | Bought a +0 pair of gloves for 49 gold pieces
  4634 | D:4      | Bought a +0 cloak for 49 gold pieces
  4634 | D:4      | Bought a +0 buckler for 49 gold pieces
  4850 | D:4      | Gained mutation: A meltable icy envelope protects you from
                  | harm. (AC +8) [demonic ancestry]
  4850 | D:4      | Reached XP level 6. HP: 31/46 MP: 10/10
  4892 | D:4      | Found a glowing drain.
  4900 | Sewer    | Entered a sewer
  5215 | Sewer    | Reached skill level 1 in Shields
  5702 | D:4      | Killed Natasha
  5703 | D:4      | Reached XP level 7. HP: 43/52 MP: 11/11
  6051 | D:5      | Entered Level 5 of the Dungeon
  6089 | D:5      | Noticed a yak
  6089 | D:5      | Noticed a yak
  6089 | D:5      | Noticed a yak
  6508 | D:5      | Reached skill level 5 in Alchemy
  6508 | D:5      | Reached XP level 8. HP: 60/60 MP: 4/12
  6930 | D:6      | Reached skill level 1 in Long Blades
  7500 | D:6      | Reached skill level 5 in Fighting
  7774 | D:6      | Gained mutation: You have a pair of small antennae on your
                  | head. [demonic ancestry]
  7774 | D:6      | Reached XP level 9. HP: 64/69 MP: 15/15
  8371 | D:7      | Found a staircase to the Ecumenical Temple.
  8377 | Temple   | Entered the Ecumenical Temple
  8405 | D:7      | Noticed a troll
  8423 | D:7      | Killed a troll
  8424 | D:7      | Reached skill level 5 in Shields
  8713 | D:7      | Reached skill level 5 in Long Blades
  8717 | D:7      | Reached skill level 1 in Evocations
  8832 | D:7      | Found an ancient bone altar of Kikubaaqudgha.
  8933 | D:7      | Noticed Joseph
  9166 | D:7      | Killed Joseph
  9268 | D:8      | Noticed Maggie
  9282 | D:7      | Killed Maggie
  9380 | D:8      | Gained mutation: You are partially covered in large bone
                  | plates. (SH +4) [demonic ancestry]
  9380 | D:8      | Reached XP level 10. HP: 65/79 MP: 11/16
  9834 | D:8      | Noticed Grum
 10011 | D:8      | Reached skill level 1 in Invocations
 10048 | D:8      | Found an iron altar of Okawaru.
 10056 | D:8      | Became a worshipper of Warmaster Okawaru
 10196 | D:8      | Noticed a brown ugly thing
 10516 | D:8      | Killed Grum
 10517 | D:8      | Reached skill level 2 in Invocations
 10721 | D:9      | Reached skill level 3 in Invocations
 10903 | D:9      | Noticed a death knight
 11173 | D:9      | Reached * piety under Okawaru
 11230 | D:9      | Reached skill level 4 in Invocations
 11503 | D:9      | Found a staircase to the Lair.
 11638 | D:9      | Reached ** piety under Okawaru
 11639 | D:9      | Reached skill level 5 in Invocations
 11729 | D:9      | Reached XP level 11. HP: 43/81 MP: 17/17
 11933 | D:9      | Identified the staff of the Feeding Eel {rPois rF+ Stlth+
                  | Fire Earth}
 11978 | D:9      | Noticed a four-headed hydra
 12029 | D:9      | Noticed a centaur warrior
 12162 | D:9      | Identified the +6 falchion "Veekuvoq" {flame, rF+ rC+ rN+++
                  | Stlth-}
 12162 | D:9      | Noticed a tengu warrior
 12466 | D:9      | Killed a tengu warrior
 12467 | D:9      | Reached skill level 5 in Dodging
 12549 | D:9      | Killed a centaur warrior
 12550 | D:9      | Reached skill level 6 in Invocations
 12555 | D:9      | Reached *** piety under Okawaru
 12874 | D:9      | Killed a one-headed hydra
 12917 | D:9      | Identified the +1 ring mail of the Little Devil {Harm
                  | Rampage ^Drain rF++}
 13234 | D:10     | Entered Level 10 of the Dungeon
 13485 | D:10     | Noticed a two-headed ogre
 13493 | D:10     | Killed a two-headed ogre
 13494 | D:10     | Reached skill level 7 in Invocations
 14886 | D:11     | Reached **** piety under Okawaru
 14933 | D:11     | Noticed a two-headed ogre
 14944 | D:11     | Killed a two-headed ogre
 14974 | D:11     | Noticed Gastronok
 14984 | D:11     | Killed Gastronok
 14985 | D:11     | Reached skill level 10 in Fighting
 14985 | D:11     | Reached skill level 8 in Invocations
 15040 | D:11     | Noticed Snorg
 15057 | D:11     | Killed Snorg
 15125 | D:11     | Reached ***** piety under Okawaru
 15264 | D:11     | Reached XP level 12. HP: 91/97 MP: 18/18
 15494 | D:11     | Noticed Nergalle
 15527 | D:11     | Killed Nergalle
 15783 | D:11     | Reached skill level 9 in Invocations
 15888 | D:9      | Killed a death knight
 15888 | D:9      | Received a gift from Okawaru
 16158 | Lair:1   | Entered Level 1 of the Lair of Beasts
 16286 | Lair:1   | Noticed Erica
 16303 | Lair:1   | Killed Erica
 16700 | Lair:1   | Noticed a catoblepas
 16727 | Lair:1   | Killed a catoblepas
 16727 | Lair:1   | Received a gift from Okawaru
 16728 | Lair:1   | Reached skill level 10 in Invocations
 16796 | Lair:1   | Found a runed translucent gate.
 16796 | Lair:1   | Found a runed translucent gate.
 16796 | Lair:1   | Found a runed translucent gate.
 16797 | Lair:1   | Noticed Vadun's ghost (journeyman DsGl)
 16946 | Lair:2   | Noticed a catoblepas
 16954 | Lair:2   | Noticed a catoblepas
 17067 | Lair:2   | Killed a catoblepas
 17194 | Lair:2   | Reached XP level 13. HP: 106/106 MP: 20/20
 17235 | Lair:2   | Received a gift from Okawaru
 17297 | Lair:2   | Reached skill level 10 in Long Blades
 17923 | Lair:2   | Found a hole to the Spider Nest.
 18217 | Lair:2   | Found a staircase to the Swamp.
 18448 | Lair:3   | Noticed Amaemon
 18458 | Lair:3   | Killed Amaemon
 18580 | Lair:2   | Reached ****** piety under Okawaru
 18585 | Lair:2   | Acquired a +2 double sword of protection
 18585 | Lair:2   | Received a gift from Okawaru
 18588 | Lair:2   | Acquired the +2 pair of boots of Tender Moments {^Contam
                  | rN+ rCorr}
 18588 | Lair:2   | Received a gift from Okawaru
 18749 | Lair:3   | Received a gift from Okawaru
 19442 | Lair:4   | Reached skill level 1 in Throwing
 19572 | Lair:4   | Received a gift from Okawaru
 19662 | Lair:4   | Reached XP level 14. HP: 116/116 MP: 21/21
 19834 | Lair:4   | Reached skill level 10 in Dodging
 20291 | Lair:5   | Entered Level 5 of the Lair of Beasts
 20356 | Lair:5   | Received a gift from Okawaru
 20655 | Lair:5   | Found a large runed translucent door.
 20655 | Lair:5   | Found a large runed translucent door.
 20666 | Lair:5   | Received a gift from Okawaru
 20776 | Lair:5   | Noticed Kirke
 20797 | Lair:5   | Noticed a sphinx
 20801 | Lair:5   | Killed Kirke
 20990 | Lair:5   | Received a gift from Okawaru
 21036 | Lair:5   | Identified the +3 flail of Ruination {elec, rF+}
 21209 | Lair:5   | Reached skill level 11 in Invocations
 21318 | Lair:5   | Identified the +0 robe of Valiance {Str+3 Stlth+}
 21322 | Lair:5   | Found a runed translucent door.
 21323 | Lair:5   | Found a viscous altar of Jiyva.
 21325 | Lair:5   | Found a staircase to the Slime Pits.
 21524 | Lair:5   | Got the Textbook on Earth and Percussion
 22219 | D:12     | Received a gift from Okawaru
 22440 | D:12     | Found a staircase to the Orcish Mines.
 22579 | D:12     | Found a snail-covered altar of Cheibriados.
 22863 | D:13     | Gained mutation: You are mostly covered in large bone
                  | plates. (SH +6) [demonic ancestry]
 22863 | D:13     | Reached XP level 15. HP: 116/124 MP: 23/23
 23134 | D:13     | Received a gift from Okawaru
 23484 | D:14     | Found a gate to the Vaults.
 23502 | D:14     | Reached skill level 5 in Throwing
 24075 | D:15     | Entered Level 15 of the Dungeon
 24265 | D:15     | Reached skill level 12 in Invocations
 24330 | D:15     | Found a hide-covered altar of Uskayaw.
 24380 | D:15     | Received a gift from Okawaru
 24423 | D:15     | Noticed Jorgrun
 24450 | D:15     | Killed Jorgrun
 24934 | D:15     | Received a gift from Okawaru
 25257 | D:15     | Found a staircase to the Depths.
 25353 | Orc:1    | Entered Level 1 of the Orcish Mines
 25479 | Orc:2    | Entered Level 2 of the Orcish Mines
 25589 | Orc:2    | Found a staircase to the Elven Halls.
 25847 | Orc:2    | Found Hud Ydut's Antique Armour Shoppe.
 25847 | Orc:2    | Found Rebliaz's General Store.
 25863 | Orc:2    | Found Sassoosk's Antique Weapon Shop.
 25863 | Orc:2    | Found Mimaqi's Antique Armour Shop.
 25912 | Orc:2    | Bought a potion of curing for 39 gold pieces
 25912 | Orc:2    | Bought a potion of berserk rage for 65 gold pieces
 25934 | Orc:2    | Bought a runed hat for 259 gold pieces
 26070 | Orc:2    | Noticed Skeral's ghost (journeyman OnAl)
 26072 | Orc:2    | Found a transporter.
 26074 | Orc:2    | Found a transporter.
 26080 | Orc:2    | Noticed Donald
 26117 | Orc:2    | Killed Donald
 26327 | Orc:2    | Received a gift from Okawaru
 26402 | Orc:1    | Found Halahaja's Distillery.
 26411 | Orc:1    | Bought a potion of invisibility for 120 gold pieces
 26411 | Orc:1    | Bought a potion of heal wounds for 75 gold pieces
 26411 | Orc:1    | Bought a potion of haste for 150 gold pieces
 26411 | Orc:1    | Bought a potion of curing for 45 gold pieces
 26411 | Orc:1    | Bought a potion of curing for 45 gold pieces
 26411 | Orc:1    | Bought a potion of curing for 45 gold pieces
 26506 | Orc:1    | Reached skill level 13 in Invocations
 26709 | Orc:1    | Gained mutation: You are completely covered in large bone
                  | plates. (SH +8) [demonic ancestry]
 26709 | Orc:1    | Reached XP level 16. HP: 128/134 MP: 25/25
 26751 | Orc:1    | Noticed Erolcha
 26766 | Orc:1    | Killed Erolcha
 26774 | Orc:1    | Reached skill level 10 in Shields
 26805 | Orc:1    | Got Dotubry's Parchment of Dislocated Ill Luck
 27221 | Swamp:1  | Entered Level 1 of the Swamp
 27393 | Swamp:1  | Identified the +8 short sword "Mufesuv" {heavy, *Noise
                  | *Slow Int+3 Dex+8}
 27629 | Swamp:1  | Received a gift from Okawaru
 27788 | Swamp:2  | Found a large runed translucent door.
 27788 | Swamp:2  | Found a large runed translucent door.
 27790 | Swamp:2  | Noticed Zoigrime's ghost (adept FoFi)
 27794 | Swamp:2  | Found a hazy altar of Hepliaklqana.
 28084 | Swamp:2  | Received a gift from Okawaru
 28357 | Swamp:2  | Noticed a thorn hunter
 28372 | Swamp:2  | Killed a thorn hunter
 28598 | Swamp:3  | Reached skill level 15 in Fighting
 29394 | Swamp:3  | Noticed a thorn hunter
 29405 | Swamp:3  | Killed a thorn hunter
 29747 | Swamp:3  | Received a gift from Okawaru
 29834 | Swamp:3  | Identified the +0 scale mail of Wrong Decisions {Regen+}
 29966 | Swamp:4  | Entered Level 4 of the Swamp
 29966 | Swamp:4  | Noticed Nikola
 30015 | Swamp:4  | Killed Nikola
 30510 | Swamp:4  | Gained mutation: Your hexes are more powerful. [demonic
                  | ancestry]
 30510 | Swamp:4  | Reached XP level 17. HP: 142/142 MP: 27/27
 30788 | Swamp:4  | Received a gift from Okawaru
 30949 | Swamp:4  | Got a decaying rune of Zot
 31449 | Spider:1 | Entered Level 1 of the Spider Nest
 32074 | Spider:1 | Identified the serpent talisman of the Doldrums {MP-9
                  | Int+9}
 32074 | Spider:1 | Noticed Aizul
 32104 | Spider:1 | Killed Aizul
 32594 | Spider:2 | Received a gift from Okawaru
 34564 | Spider:3 | Received a gift from Okawaru
 34849 | Spider:4 | Entered Level 4 of the Spider Nest
 35308 | Spider:4 | Noticed Roxanne
 35361 | Spider:4 | Noticed Arachne
 35601 | Spider:3 | Killed Arachne
 36345 | Spider:4 | Paralysed by a jorogumo for 3 turns
 36428 | Spider:4 | Reached XP level 18. HP: 152/152 MP: 28/28
 36662 | Spider:4 | Reached skill level 15 in Long Blades
 37072 | Spider:4 | Received a gift from Okawaru
 37807 | Spider:4 | Identified the +8 great sword of Untruth {freeze, Str+5
                  | Int+2}
 37830 | Spider:4 | Got a gossamer rune of Zot
 38248 | Elf:1    | Entered Level 1 of the Elven Halls
 38340 | Elf:1    | Received a gift from Okawaru
 38708 | Elf:1    | Received a gift from Okawaru
 38782 | Elf:1    | Noticed Agnes
 38785 | Elf:1    | Paralysed by an air elemental for 1 turns
 38810 | Elf:1    | Killed Agnes
 39005 | Elf:1    | Identified the ring "Dupeuxzu" {rPois MP+9}
 39885 | Elf:2    | Found a runed translucent gate.
 39885 | Elf:2    | Found a runed translucent gate.
 39885 | Elf:2    | Found a runed translucent gate.
 40156 | Elf:2    | Received a gift from Okawaru
 40309 | Elf:2    | Reached skill level 15 in Shields
 40579 | Elf:2    | Found Hemuu's Jewellery Shoppe.
 40681 | Elf:2    | Identified the +7 tower shield "Govearim" {rC++ rN+}
 40866 | Elf:3    | Entered Level 3 of the Elven Halls
 41482 | Elf:3    | Gained mutation: You have a pair of antennae on your head.
                  | [demonic ancestry]
 41482 | Elf:3    | Reached XP level 19. HP: 159/159 MP: 29/29
 41551 | Arena    | Entered the Arena
 41557 | Arena    | Received a gift from Okawaru
 41718 | Elf:3    | Identified the +1 leather armour "Noelubb" {rF+ Str-3 Dex+2
                  | Stlth+}
 42528 | Elf:3    | Received a gift from Okawaru
 43026 | Elf:3    | Identified the +7 whip of Checks and Balances {freeze, rF+
                  | rC+ Stlth+}
 43076 | Elf:3    | Got the Codex of the Deathly Plateau
 43119 | Elf:3    | Identified the +8 rapier "Cusen" {venom, Str+2 Dex+3}
 43266 | Orc:2    | Learned a level 2 spell: Blink
 43381 | Vaults:1 | Entered Level 1 of the Vaults
 43602 | Vaults:1 | Found Gozag's Assorted Antiques.
 43614 | Vaults:1 | Received a gift from Okawaru
 43638 | Vaults:1 | Found Gozag's Antique Weapon Boutique.
 43730 | Vaults:1 | Reached skill level 15 in Dodging
 43833 | Vaults:1 | Found an opulent altar of Gozag.
 43836 | Vaults:1 | Bought a scroll of teleportation for 300 gold pieces
 43836 | Vaults:1 | Bought a scroll of revelation for 750 gold pieces
 43836 | Vaults:1 | Bought a scroll of revelation for 750 gold pieces
 43836 | Vaults:1 | Found Gozag's Antique Weapon Shop.
 43918 | Vaults:1 | Found a flickering gateway to a bazaar.
 43924 | Bazaar   | Entered a bazaar
 43924 | Bazaar   | Found Myskiu's Antique Armour Shop.
 43943 | Bazaar   | Bought a bloodstained scale mail for 90 gold pieces
 43943 | Bazaar   | Identified the +0 scale mail of the Sandy God {*Corrode
                  | Int+4} (You bought it in a shop in a bazaar)
 43948 | Bazaar   | Found Lioph's Jewellery Emporium.
 43956 | Bazaar   | Bought a ring of protection from fire for 225 gold pieces
 43963 | Bazaar   | Found Vanig's General Store.
 43971 | Bazaar   | Bought a scroll of enchant weapon for 75 gold pieces
 43971 | Bazaar   | Bought a potion of invisibility for 80 gold pieces
 43972 | Bazaar   | Found Kigruu's Distillery.
 43983 | Bazaar   | Found Wuocoy Idia's Antique Weapon Emporium.
 44020 | Bazaar   | Bought a potion of curing for 48 gold pieces
 44020 | Bazaar   | Bought a potion of might for 64 gold pieces
 44020 | Bazaar   | Bought a potion of resistance for 160 gold pieces
 44020 | Bazaar   | Bought a potion of might for 64 gold pieces
 44020 | Bazaar   | Bought a potion of heal wounds for 80 gold pieces
 44020 | Bazaar   | Bought a potion of haste for 160 gold pieces
 44097 | Vaults:1 | Noticed a Tzitzimitl
 44104 | Vaults:1 | Noticed a Brimstone Fiend
 44415 | Vaults:1 | Noticed Saint Roka
 44645 | Vaults:1 | Reached skill level 1 in Armour
 44713 | Vaults:1 | Received a gift from Okawaru
 44902 | Vaults:1 | Noticed Zenata
 45630 | Vaults:2 | Reached XP level 20. HP: 171/171 MP: 30/30
 45720 | Vaults:2 | Received a gift from Okawaru
 46533 | Vaults:3 | Reached skill level 5 in Armour
 46699 | Vaults:3 | Found a staircase to the Crypt.
 46782 | Vaults:3 | Received a gift from Okawaru
 47435 | Vaults:3 | Received a gift from Okawaru
 47560 | Vaults:3 | Noticed Bai Suzhen
 47607 | Vaults:3 | Killed Bai Suzhen
 48012 | Vaults:3 | Received a gift from Okawaru
 48532 | Vaults:4 | Identified the +0 robe of Sif Muna's Respect {-Tele Fly
                  | rPois Int+8}
 48625 | Vaults:4 | Identified 3 scrolls of acquirement
 48634 | Vaults:4 | Gained mutation: You have a pair of large antennae on your
                  | head. (SInv) [demonic ancestry]
 48634 | Vaults:4 | Reached XP level 21. HP: 181/181 MP: 31/31
 48639 | Vaults:4 | Acquired a +1 demon blade of electrocution
 48679 | Arena    | Entered the Arena
 48758 | Vaults:4 | Acquired 426 gold pieces
 48760 | Vaults:4 | Acquired the amulet of Notoll {Reflect rF+ SH+5}
 48885 | Vaults:4 | Received a gift from Okawaru
 49595 | Crypt:1  | Entered Level 1 of the Crypt
 49630 | Crypt:1  | Identified the +9 war axe of the Lost Visions {vamp, +Blink
                  | rElec Int+4}
 50429 | Crypt:2  | Found an ancient bone altar of Kikubaaqudgha.
 50503 | Crypt:2  | Reached skill level 10 in Armour
 50984 | Crypt:2  | Reached skill level 14 in Invocations
 51105 | Crypt:2  | Received a gift from Okawaru
 51795 | Crypt:2  | Reached skill level 15 in Invocations
 51821 | Arena    | Entered the Arena
 52095 | Crypt:2  | Identified the +0 crystal plate armour "Juzaki Mosi" {Fly
                  | rC+}
 52116 | Crypt:2  | Received a gift from Okawaru
 52295 | Crypt:2  | Acquired 826 gold pieces
 52320 | Crypt:2  | Acquired a manual of Shields
 52434 | Crypt:3  | Entered Level 3 of the Crypt
 52434 | Crypt:3  | Identified the orb "Lometel" {*channel, rElec rPois rC-
                  | SInv}
 52434 | Crypt:3  | Noticed Frederick
 52902 | Crypt:3  | Gained mutation: You are powered by pain. [demonic
                  | ancestry]
 52902 | Crypt:3  | Reached XP level 22. HP: 184/184 MP: 33/33
 53198 | Crypt:3  | Reached skill level 16 in Invocations
 53648 | Crypt:3  | Found a staircase to the Tomb.
 53757 | Crypt:3  | Killed Frederick
 53994 | Arena    | Entered the Arena
 54000 | Arena    | Gained mutation: Your body sometimes deteriorates upon
                  | taking damage. [a neqoxec]
 54230 | Crypt:3  | Noticed a curse toe
 54363 | Crypt:2  | Killed a curse toe
 54868 | Crypt:3  | Received a gift from Okawaru
 55050 | Crypt:3  | Found a basalt altar of Yredelemnul.
 55075 | Crypt:3  | Found an ancient bone altar of Kikubaaqudgha.
 55139 | Crypt:3  | Found the +8 Vampire's Tooth {megavamp}
 55438 | Depths:1 | Entered Level 1 of the Depths
 55842 | Orc:2    | Reached skill level 17 in Invocations
 55854 | Orc:2    | Killed Skeral's ghost
 56153 | Depths:1 | Noticed Boris
 56175 | Depths:1 | Killed Boris
 56295 | Depths:1 | Noticed Mara
 56310 | Depths:1 | Killed Mara
 56327 | Depths:1 | Found a one-way gate leading to the halls of Pandemonium.
 56463 | Depths:1 | Found a gateway to Hell.
 57416 | Depths:1 | Received a gift from Okawaru
 57616 | Depths:1 | Found Meihuf's Changing Room.
 57632 | Depths:1 | Bought a potion of mutation for 168 gold pieces
 57653 | Depths:1 | Found a stormy altar of Qazlal.
 57977 | Depths:2 | Noticed the Enchantress
 58058 | Depths:1 | Killed the Enchantress
 58085 | Depths:1 | Reached skill level 18 in Invocations
 58085 | Depths:1 | Gained mutation: A meltable icy envelope protects you from
                  | harm. (AC +8) [demonic ancestry]
 58085 | Depths:1 | Reached XP level 23. HP: 203/203 MP: 34/36
 58234 | Depths:2 | Received a gift from Okawaru
 58703 | Depths:2 | Found Mool's Assorted Antiques.
 58719 | Depths:2 | Bought a scroll of teleportation for 90 gold pieces
 58723 | Depths:2 | Identified the +4 ring mail of the Eternal Fruit {rPois
                  | Will+}
 58863 | Depths:2 | Found a one-way gate to the infinite horrors of the Abyss.
 59001 | Depths:2 | Voluntarily entered the Abyss.
 59035 | Abyss:1  | Found a corrupted altar of Lugonu.
 59042 | Abyss:1  | Found a corrupted altar of Lugonu.
 59042 | Abyss:1  | Found a corrupted altar of Lugonu.
 59129 | Abyss:2  | Found a corrupted altar of Lugonu.
 59278 | Abyss:2  | Found a corrupted altar of Lugonu.
 59553 | Abyss:2  | Paralysed by accursed screaming for 1 turns
 59568 | Abyss:2  | Paralysed by accursed screaming for 1 turns
 59628 | Abyss:2  | Reached skill level 15 in Armour
 59628 | Abyss:2  | Reached skill level 19 in Invocations
 59775 | Abyss:2  | Found a corrupted altar of Lugonu.
 59893 | Abyss:2  | Received a gift from Okawaru
 59954 | Depths:2 | Escaped the Abyss
 59983 | Depths:2 | Voluntarily entered the Abyss.
 60348 | Abyss:4  | Noticed a dread lich
 60371 | Abyss:4  | Killed a dread lich
 60423 | Abyss:4  | Gained mutation: You sometimes lose your temper in combat.
                  | [a neqoxec]
 60565 | Abyss:5  | Found a corrupted altar of Lugonu.
 60655 | Abyss:5  | Received a gift from Okawaru
 60670 | Abyss:5  | Got an abyssal rune of Zot
 60786 | Abyss:5  | Found a corrupted altar of Lugonu.
 60804 | Depths:2 | Escaped the Abyss
 60897 | Depths:3 | Noticed Boris
 60917 | Depths:3 | Killed Boris
 60947 | Depths:3 | Identified the ring "Zifuzaown" {rN+ Int+5 Slay+4 SInv}
 60988 | Depths:3 | Reached skill level 20 in Invocations
 60989 | Depths:3 | Identified the ring of Loinni {rElec Will+ Dex+6}
 61395 | Depths:3 | Gained mutation: Your melee attacks may debilitate your
                  | foes. [demonic ancestry]
 61395 | Depths:3 | Reached XP level 24. HP: 199/210 MP: 37/37
 61397 | Depths:3 | Noticed Xtahua
 61431 | Depths:3 | Killed Xtahua
 61431 | Depths:3 | Received a gift from Okawaru
 61900 | Depths:3 | Reached skill level 21 in Invocations
 61900 | Depths:3 | Found the +3 Mad Mage's Maulers {Infuse+∞ VampMP -Cast}
 62023 | Depths:3 | Found a hazy altar of Hepliaklqana.
 62150 | Depths:4 | Entered Level 4 of the Depths
 62578 | Depths:4 | Received a gift from Okawaru
 62871 | Depths:4 | Found a gate to the Realm of Zot.
 63612 | Depths:4 | Found a one-way gateway to a ziggurat.
 64035 | Depths:4 | Found a corrupted altar of Lugonu.
 64393 | Depths:4 | Received a gift from Okawaru
 64615 | Depths:4 | Identified the +8 demon blade of the Desert {freeze, rF+
                  | rN+ Str+3 SInv}
 64853 | Depths:4 | Reached skill level 22 in Invocations
 65122 | Zot:1    | Entered Level 1 of the Realm of Zot
 65740 | Depths:4 | Received a gift from Okawaru
 66206 | Zot:2    | Noticed an orb of fire
 66837 | Zot:1    | Reached skill level 23 in Invocations
 67038 | Zot:1    | You fall into a shaft and drop 1 floor!
 67063 | Zot:2    | Received a gift from Okawaru
 67355 | Zot:2    | Gained mutation: You are weak. (Str -2) [an orb of fire]
 67356 | Zot:2    | Killed an orb of fire
 67357 | Zot:2    | Reached XP level 25. HP: 187/217 MP: 4/38
 68251 | Zot:2    | Received a gift from Okawaru
 68507 | Zot:2    | Noticed an orb of fire
 69251 | Zot:2    | Killed an orb of fire
 69947 | Zot:3    | Received a gift from Okawaru
 70195 | Zot:5    | Entered Level 5 of the Realm of Zot
 70197 | Zot:5    | Found a runed translucent door.
 70197 | Zot:5    | Found a shimmering altar of Xom.
 70197 | Zot:5    | Noticed Mikey69's ghost (legendary DsBe)
 70255 | Zot:5    | Found Tozadeh's CLEARANCE SALE!.
 70422 | Zot:5    | Bought a potion of berserk rage for 30 gold pieces
 70478 | Zot:5    | Identified the +1 cloak of Hedging {rPois Str+3 Int+4}
 71309 | Zot:5    | Noticed an orb of fire
 71313 | Zot:5    | Noticed a Killer Klown
 71322 | Zot:5    | Gained mutation: Your health recovers twice as slowly from
                  | being drained. [an orb of fire]
 71325 | Zot:5    | Killed an orb of fire
 71372 | Zot:5    | Received a gift from Okawaru
 71757 | Zot:5    | Killed a Killer Klown
 72002 | Zot:5    | Noticed a Killer Klown
 72021 | Zot:5    | Killed a Killer Klown
 72428 | Zot:5    | Noticed a Killer Klown
 72432 | Zot:5    | Noticed a Killer Klown
 72435 | Zot:5    | Killed a Killer Klown
 72435 | Zot:5    | Received a gift from Okawaru
 72450 | Zot:5    | Killed a Killer Klown
 72457 | Zot:5    | Noticed a Killer Klown
 72469 | Zot:5    | Killed a Killer Klown
 72799 | Zot:5    | Gained mutation: You are surrounded by an aura of silence.
                  | [demonic ancestry]
 72799 | Zot:5    | Reached XP level 26. HP: 224/224 MP: 2/38
 73455 | Zot:5    | Got the Orb of Zot
 73491 | Zot:5    | Noticed a dread lich
 73495 | Zot:5    | Killed a dread lich
 73495 | Zot:5    | Received a gift from Okawaru
 74140 | D:1      | Noticed Pegg the pandemonium lord
 74150 | D:$      | Escaped with the Orb!

Illustrated notes

Levels and vault maps discovered:
D:1:      dpeg_arrival_circle_labyrinth_c, layout_basic
D:2:      layout_basic, hellmonk_ecumenical_altar_lost_god, uniq_robin
D:3:      layout_basic, fedhas_altar_1, amcnicky_altar_gilded,
          hangedman_glass_teeth, uniq_ijyb
D:4:      minmay_chambers_of_fours, layout_loops_ring, serial_shops,
          nicolae_shop_tiny_waterfront, lightli_sewer_entry_pipes, uniq_natasha
D:5:      layout_cave_pools, mainiacjoe_overflow_tiny_flanked,
          kennysheep_generic_room_5
D:6:      layout_basic, kennysheep_generic_room_13
D:7:      layout_basic, lemuel_tele_altar, minmay_temple_entry_wispy,
          sigmund_army, uniq_joseph
D:8:      layout_cave_pods, okawaru_altar_gauntlet_db, uniq_grum, uniq_maggie
D:9:      minmay_cut_squares, layout_irregular_city, erik_lair_dragon
D:10:     nicolae_cairo_tiling_large, layout_layer_cave
D:11:     layout_roguey, uniq_gastronok, uniq_nergalle, uniq_snorg
D:12:     layout_cave_pools, hiddenorc2_lemuel, cheibrodos_worm_habitat
D:13:     layout_roguey, roderic_lattice_a
D:14:     layout_rooms, erik_vaults_1
D:15:     gammafunk_enter_depths_forms, layout_basic, nicolae_uskayaw_suspiria,
          uniq_jorgrun
Temple:   minmay_temple_bridge_d
Lair:1:   layout_hall_layers, ebering_ghost_rock_garden, beast_lair_carwin_1,
          uniq_erica
Lair:2:   nzn_winding_woodlands_medium [nzn_winding_woodlands_5x5_three,
          nzn_winding_woodlands_5x15_zeroes,
          nzn_winding_woodlands_5x5_checkerboard,
          nzn_winding_woodlands_5x5_perimeter,
          nzn_winding_woodlands_center_garden,
          nzn_winding_woodlands_5x5_closed_star,
          nzn_winding_woodlands_5x5_cross, nzn_winding_woodlands_5x15_twine,
          nzn_winding_woodlands_hourglass], layout_loops_ring,
          nicolae_swamp_entry_splash_gauntlet,
          nicolae_spider_entry_orb_guardian, special_room [special_room_bee]
Lair:3:   layout_gridlike, serial_bayou_shore_b, serial_bayou_shore_a,
          serial_bayou_shore_b, uniq_amaemon
Lair:4:   layout_regular_city, minivault_11, st_stairs_5, grunt_megastairs_2,
          lemuel_fruit_fields, infiniplex_staircase_pool_2
Lair:5:   cheibrodos_lair_end_hotspot, layout_misc_corridors, slime_entry_2,
          portal_ice_cave_demonic_guard, chequers_serial_rivers_micro_c,
          dreamdust_gnoll_shepherd, uniq_kirke
Swamp:1:  layout_falls_marsh, evilmike_swamp_ruin_rubble_1, swamp_pool_3
Swamp:2:  layout_basic_swamp, ebering_ghost_disaster_area, basic_altar
Swamp:3:  layout_basic_swamp, evilmike_swamp_ruin_house_6, swamp_pool_1_2,
          hangedman_swamp_double_dragon
Swamp:4:  swamp_icy, layout_basic_swamp, uniq_nikola
Spider:1: layout_spider_delve, hangedman_spider_trapstep, uniq_aizul
Spider:2: layout_cave_pods
Spider:3: layout_spider_delve, drop_trap
Spider:4: grunt_spider_rune_parallel, uniq_roxanne, uniq_arachne
Orc:1:    lemuel_ogre_cave, layout_caves, serial_shops,
          nicolae_shop_hallway_plus
Orc:2:    st_orc_elflike, layout_diamond_mine, gammafunk_ghost_smash,
          uniq_donald
Elf:1:    nicolae_elf_arrival_fired_up, layout_rooms,
          hangedman_elven_crosses_minicolossus, hex_large, drop_trap, uniq_agnes
Elf:2:    elven_hall_of_blades_hangedman_original [nicolae_blade_little_rooms],
          layout_onion_city, serial_shops, nicolae_shop_stone, hex_medium,
          lemuel_elevator, uniq_asterion
Elf:3:    minmay_elf_hall_quartered_circle, layout_loops_cross,
          hangedman_elven_ridges
Vaults:1: nicolae_vaults_house_2, vaults_room_boxed,
          nicolae_vaults_trapezoid_lopsided_2, nicolae_vaults_little_squares_3,
          nicolae_vaults_little_ls, vaults_dpeg_emergency_exit,
          kennysheep_vaults_gozag_temple, nicolae_vaults_tetromino_Z_1,
          vaults_mumra_hex, layout_vaults_omnicross, serial_shops,
          bzr_entry_safe, uniq_saint_roka, uniq_zenata
Vaults:2: nicolae_vaults_network_quinsquares
          [nicolae_vaults_network_quincunx_subvault,
          nicolae_vaults_network_quincunx_subvault,
          nicolae_vaults_network_quincunx_subvault,
          nicolae_vaults_network_quincunx_subvault], v_misc_10,
          ontoclasm_vaults_bender, ontoclasm_vaults_tryst,
          hangedman_vaults_slither, nicolae_vaults_little_guard_posts,
          nicolae_vaults_disjoint_gnomons, hangedman_vaults_cutoff, v_rooms_3,
          ontoclasm_vaults_fault, grunt_vaults_hallway_short, layout_vaults_maze
Vaults:3: nicolae_vaults_stairing_the_circle, nicolae_vaults_asterisk,
          blue_anna_dwarven_crypt, nicolae_vaults_more_shelving_1, v_misc_8,
          hangedman_vaults_river_flow, nicolae_vaults_bisected_slash,
          dpeg_vaults_monster_row, ontoclasm_vaults_hangar,
          nicolae_vaults_wrenched, nicolae_vaults_tetromino_Z_1,
          nicolae_vaults_closet_pinwheel_4, layout_vaults_ring, uniq_bai_suzhen
Vaults:4: nicolae_vaults_offset_grid_hallway_3, v_misc_28,
          vaults_dpeg_encased_lava, nicolae_vaults_sightless_eye,
          nicolae_vaults_shipping_containers_5, vaults_room_stairs_pillars,
          nicolae_vaults_heart-shaped_vault, ontoclasm_vaults_decontamination,
          grunt_vaults_focal, nicolae_vaults_specimen_jars,
          nicolae_vaults_trapezoid_lopsided_3, layout_vaults_big_room
Crypt:1:  layout_rooms, nicolae_crypt_tucked_away, grunt_crypt_arrival_webbed
Crypt:2:  nicolae_crypt_knochenhaus, layout_misc_corridors, basic_altar
Crypt:3:  lightli_unholy_cathedral, layout_chaotic_city,
          tomb_entry_sphere_bobbens, uniq_frederick
Depths:1: layout_gridville, hell_entry, minmay_misc_feat_more_columns,
          pan_entry, nicolae_transmutations_shop,
          serial_library_hellmonk_filled_rooms, grunt_qazlal_clouds, uniq_boris,
          uniq_mara
Depths:2: nicolae_cairo_tiling_large_dashed, layout_cave_pools,
          chequers_serial_rivers_micro_a, hell_entry, grunt_pan_entry_zigzag,
          serial_shops, shop, abyss_entry_small_statue_room,
          serial_bayou_pond_d, uniq_enchantress
Depths:3: minmay_the_grid_4x2 [minmay_the_grid_fan, minmay_the_grid_dragon_b,
          minmay_the_grid_medium_cups, minmay_the_grid_aliased_spiral,
          minmay_the_grid_embedded, minmay_the_grid_tri_star,
          minmay_the_grid_square_x, minmay_the_grid_prize_trominoes],
          layout_cave_pools, hell_entry, nzn_hepliaklqana_mist_gate,
          hangedman_abyss_entry_splay, kennysheep_generic_room_15,
          minmay_staircase_windowed_small, uniq_xtahua
Depths:4: grunt_x_marks_the_spot, layout_gridlike, enter_ziggurat_a,
          hellmouth_1, abyss_entry_flame_altar, serial_bayou_shore_b
Zot:1:    layout_misc_corridors
Zot:2:    hangedman_zot_vaults_quadrants, layout_onion_interference,
          skrybe_zot_glass_2
Zot:3:    layout_twisted_circle, uniq_tiamat
Zot:4:    layout_misc_corridors, regret_index_zotdec_zees,
          hangedman_zot_decor_scrapings
Zot:5:    layout_cathedral_of_symmetry, ebering_ghost_xom,
          nicolae_shop_clearance

Skill      XL: |  1  2  3  4  5  6  7  8  9 10 11 12 13 14 15 16 17 18 19 20 21 22 23 24 25 |
---------------+----------------------------------------------------------------------------+-----
Dodging        | 2 4 6 8 9 10 11 12 13 15 16 17 19 | 19.9
Fighting       | 1 2 3 4 5 7 8 10 11 12 13 14 15 16 18 19 21 22 | 22.0
Short Blades   | 1 2 3 |  3.3
Conjurations   | 2 3 |  3.0
Shields        | 2 4 5 6 7 8 9 11 12 15 16 18 19 22 | 22.0
Alchemy        | 5 |  5.0
Spellcasting   | 3 4 |  4.0
Long Blades    | 3 5 7 8 9 11 12 13 14 15 | 15.8
Evocations     | 2 3 |  3.0
Invocations    | 5 8 10 11 13 15 18 20 23 | 23.0
Throwing       | 2 4 5 |  5.0
Armour         | 3 8 10 13 16 17 19 | 19.9
Stealth        | |  1.7

Action                     |  1- 3 |  4- 6 |  7- 9 | 10-12 | 13-15 | 16-18 | 19-21 | 22-24 | 25-27 || total
---------------------------+-------+-------+-------+-------+-------+-------+-------+-------+-------++-------
  Melee: Unarmed           |     8 |       |       |       |       |       |       |       |       ||     8
         Dagger            |    13 |       |       |       |       |       |       |       |       ||    13
         Mace              |     8 |    13 |       |       |       |       |       |       |       ||    21
         Short sword       |       |   146 |   120 |       |       |       |       |       |       ||   266
         Scimitar          |       |       |   133 |   188 |       |       |       |       |       ||   321
         Falchion          |       |       |       |   485 |   422 |   104 |       |       |       ||  1011
         Double sword      |       |       |       |       |  1736 |  2534 |  2502 |  2899 |   660 || 10331
         Demon blade       |       |       |       |       |       |       |    31 |       |    48 ||    79
  Throw: Dart              |     4 |     2 |       |    36 |     2 |    10 |    11 |     5 |    13 ||    83
         Javelin           |       |       |       |       |     8 |       |       |       |       ||     8
         Throwing net      |       |       |       |       |       |     2 |     3 |     2 |     2 ||     9
   Cast: Sting             |    82 |    93 |   139 |    79 |       |       |       |       |       ||   393
         Mephitic Cloud    |       |       |     3 |    10 |       |       |       |       |       ||    13
 Invoke: Heroism           |       |       |       |     6 |     7 |     8 |    18 |    12 |     1 ||    52
         Receive Weapon    |       |       |       |       |     1 |       |       |       |       ||     1
         Receive Armour    |       |       |       |       |     1 |       |       |       |       ||     1
         Finesse           |       |       |       |       |     2 |     1 |     1 |       |     1 ||     5
         Duel              |       |       |       |       |       |       |     3 |     1 |       ||     4
  Evoke: Wand              |       |     1 |     7 |     7 |     9 |     7 |     9 |    13 |     4 ||    57
         Phial of floods   |       |       |       |       |       |     1 |       |       |       ||     1
         Lightning rod     |       |       |       |       |       |       |     8 |       |       ||     8
    Use: Potion            |     1 |       |     3 |     2 |     4 |     9 |    26 |    12 |     5 ||    62
         Scroll            |     1 |     7 |    11 |    20 |     6 |    11 |    20 |     5 |     3 ||    84
   Stab: Distracted        |       |       |     1 |       |       |     3 |     2 |     7 |     2 ||    15
         Confused          |       |       |     4 |     9 |       |       |       |       |       ||    13
         Petrified         |       |       |       |     4 |     9 |       |       |       |       ||    13
         Sleeping          |       |       |       |       |     2 |     1 |     8 |     3 |       ||    14
         Held in net/web   |       |       |       |       |       |     1 |     4 |     3 |     4 ||    12
         Invisible         |       |       |       |       |       |       |     9 |       |       ||     9
 Armour: Robe              |    29 |     2 |       |       |       |       |       |       |       ||    31
         Ring mail         |       |    20 |       |       |    74 |   976 |   753 |   339 |       ||  2162
         Leather armour    |       |    76 |   134 |   172 |       |       |       |       |       ||   382
         Troll leather arm |       |       |       |   117 |   587 |       |       |       |       ||   704
         Skin              |       |       |       |       |       |       |     1 |     5 |       ||     6
         Acid dragon scale |       |       |       |       |       |       |       |   505 |   165 ||   670
  Dodge: Dodged            |    37 |    76 |   104 |   298 |  1416 |  1370 |   951 |  1047 |   198 ||  5497
  Block: Other             |       |    12 |       |       |       |       |       |       |       ||    12
         Buckler           |       |    58 |   115 |   522 |  1468 |       |       |       |       ||  2163
         Kite shield       |       |       |       |       |   216 |  3791 |  2768 |   927 |       ||  7702
         Reflection        |       |       |       |       |    13 |    84 |    91 |    10 |       ||   198
         Tower shield      |       |       |       |       |       |       |       |  3570 |   944 ||  4514
